 Dungeon Crawl Stone Soup version 0.31-a0-986-g5e6e4ef867 (webtiles) character file.

Game seed: 13026316641910432798

298 Persephone the Chopper (level 6, -3/37 HPs)
             Began as a Gargoyle Fighter on Nov 6, 2023.
             Slain by an orc warrior
             ... wielding a +1 battleaxe of freezing
              (10 damage)
             ... on level 4 of the Dungeon.
             The game lasted 00:04:32 (2323 turns).

Persephone the Chopper (Gargoyle Fighter)           Turns: 2323, Time: 00:04:32

Health: -3/37      AC: 15    Str: 22    XL:     6   Next: 35%
Magic:  6/6        EV:  9    Int:  8    God:
Gold:   136        SH:  4    Dex:  9    Spells: 5/5 levels left

rFire   . . .        d - +1 war axe (vamp)
rCold   . . .        c - +0 buckler
rNeg    + . .        b - +0 scale mail
rPois   ∞            p - +1 hat
rElec   +            (no cloak)
rCorr   .            o - +2 pair of gloves
SInv    .            (no boots)
Will    .....        k - amulet of regeneration Stlth
                     (no ring)
HPRegen 1.06/turn    (no ring)
MPRegen 0.10/turn

%: no passive effects
@: mighty
A: sickness immunity, AC +4, negative energy resistance 1, electricity
resistance, torment resistance 1, petrification resistance
a: no special abilities


You were on level 4 of the Dungeon.
You visited 2 branches of the dungeon, and saw 5 of its levels.

You collected 136 gold pieces.

Inventory:

Hand Weapons
 d - a +1 vampiric war axe (weapon)
Armour
 b - a +0 scale mail (worn)
 c - a +0 buckler (worn)
 o - a +2 pair of gloves (worn)
 p - a +1 hat (worn)
Jewellery
 a - a +5 ring of evasion
 k - an amulet of regeneration (around neck)
Scrolls
 e - a scroll of identify
Potions
 f - a potion of enlightenment
 g - a potion of haste {unknown}
 h - a potion of lignification {unknown}
 i - a potion of attraction {unknown}
 j - a potion of berserk rage {unknown}
 l - a potion of brilliance {unknown}
 m - a potion of heal wounds {unknown}


   Skills:
 - Level 3.2 Fighting
 + Level 5.9 Axes
 - Level 3.2 Armour
 - Level 3.2 Shields


You had 5 spell levels left.
You didn't know any spells.
Your spell library contained the following spells:

 Spells                   Type           Power      Damage    Failure   Level
 Shock                    Conj/Air       0%         1d3       80%         1
 Momentum Strike          Conj/Tloc      0%         3d8       91%         2
 Swiftness                Air            0%         N/A       99%         3
 Airstrike                Air            0%         2d(0-16)  100%        4


Dungeon Overview and Level Annotations

Branches:
Dungeon (4/15)             Temple (1/1) D:4

Altars:
Cheibriados
Dithmenos
Elyvilon
Fedhas
Hepliaklqana
Kikubaaqudgha
Nemelex Xobeh
Qazlal
Sif Muna
Trog
Wu Jian
Xom
Yredelemnul
Zin

Shops:
D:4 *


Innate Abilities, Weirdness & Mutations

You are immune to sickness and miasma.
Your stone body is resilient. (AC +4)
You are immune to poison.
You resist negative energy. (rN+)
You are resistant to electric shocks. (rElec)
You are resistant to unholy torment.
You are immune to petrification.


Message History

You pick up Sif Muna's Collected Works on Fulmination and begin reading...
You add the spell Momentum Strike to your library.
There is an empty arch of ancient stone here.
Monster found; Killing and exploring; Evalutating dangerous sitituation Auto kill stopped - Too dangerous: Extremely Dangerous (1) Dangerous (0) Easy (0) Harmless (0)
An orc warrior comes into view.
It is wielding a +1 battleaxe of freezing.
Found a bloodstained altar of Trog.
Sorry, you're not good enough to have a special ability.
The orc warrior barely misses you.
You closely miss the orc warrior.
The orc warrior hits you with a +1 battleaxe of freezing!
The orc warrior freezes you.
You hit the orc warrior but do no damage.
The orc warrior hits you but does no damage.
You feel very mighty all of a sudden. The orc warrior closely misses you.
You barely miss the orc warrior. The orc warrior barely misses you.
You barely miss the orc warrior.
The orc warrior hits you with a +1 battleaxe of freezing!
* * * LOW HITPOINT WARNING * * *
The orc warrior freezes you.
* * * LOW HITPOINT WARNING * * *
The orc warrior closely misses you.
You barely miss the orc warrior. You block the orc warrior's attack.
You slash the orc warrior!
You feel better.
The orc warrior is heavily wounded.
The orc warrior completely misses you.
You hit the orc warrior but do no damage.
The orc warrior is heavily wounded.
The orc warrior hits you with a +1 battleaxe of freezing!
* * * LOW HITPOINT WARNING * * *
The orc warrior freezes you.
* * * LOW HITPOINT WARNING * * *
You closely miss the orc warrior.
The orc warrior is heavily wounded.
The orc warrior hits you but does no damage.
You closely miss the orc warrior.
The orc warrior is heavily wounded.
The orc warrior hits you with a +1 battleaxe of freezing!
You die...

.# .. ..#### .# ...
...... .# #.. #....
.# #.# #...# .# #.#
#...## .# #.#
#####...## .###.#
#._.##...## .....##
#...###...##
###...####...#∩#@o.#
###..# ##...###.).#
##.# ##)..##._.# #.#
##...#####
#####.#######...##
#.........####...#
##..###.##..###..(#
................>##
)..##...#....###.#


You could see an orc warrior.

Vanquished Creatures
  A water moccasin (D:4)
  Terence (D:2)
  An orc wizard (D:4)
  5 adders
  A worm (D:3)
  A dart slug (D:1)
  5 orcs (D:3)
  5 bats
  4 endoplasms
  4 giant cockroaches
  8 goblins
  12 hobgoblins
  6 jackals (D:1)
  3 quokkas
  8 ball pythons
  3 frilled lizards
  6 kobolds
  9 rats
83 creatures vanquished.

Notes
Turn   | Place    | Note
-------+----------+-------------------------------------------
     0 | D:1      | Persephone the Gargoyle Fighter began the quest for the
                  | Orb.
     0 | D:1      | Reached XP level 1. HP: 14/14 MP: 1/1
    37 | D:1      | Reached skill level 2 in Axes
   100 | D:1      | Reached XP level 2. HP: 19/19 MP: 2/2
   322 | D:1      | Reached skill level 3 in Axes
   373 | D:1      | Reached XP level 3. HP: 23/23 MP: 3/3
   914 | D:2      | Reached XP level 4. HP: 27/28 MP: 4/4
   929 | D:2      | Reached skill level 4 in Axes
  1210 | D:2      | Noticed Terence
  1219 | D:2      | Killed Terence
  1364 | D:2      | Identified a scroll of acquirement
  1364 | D:2      | Acquired a +1 vampiric war axe
  1607 | D:3      | Reached XP level 5. HP: 32/32 MP: 5/5
  1712 | D:3      | Found a basalt altar of Yredelemnul.
  1832 | D:3      | Found an ornate altar of the Wu Jian Council.
  1845 | D:3      | Reached skill level 5 in Axes
  2025 | D:3      | Found a shimmering altar of Xom.
  2027 | D:3      | Found a snail-covered altar of Cheibriados.
  2081 | D:4      | Identified the "Waantejyb"
  2081 | D:4      | Identified the "Xuhiahih"
  2081 | D:4      | Identified the of Eplid
  2081 | D:4      | Identified the "Zituum"
  2104 | D:4      | Noticed a water moccasin
  2116 | D:4      | Killed a water moccasin
  2117 | D:4      | Reached XP level 6. HP: 37/37 MP: 6/6
  2134 | D:4      | Found Kadyaq's Assorted Antiques.
  2150 | D:4      | Found a staircase to the Ecumenical Temple.
  2219 | Temple   | Entered the Ecumenical Temple
  2292 | D:4      | Found a shimmering blue altar of Sif Muna.
  2312 | D:4      | Found a bloodstained altar of Trog.
  2312 | D:4      | Noticed an orc warrior
  2323 | D:4      | Slain by an orc warrior

Illustrated notes

Levels and vault maps discovered:
D:1:      ebering_trefoil_twist, layout_basic
D:2:      layout_loops_cross, uniq_terence
D:3:      layout_basic, lemuel_crystal_altar,
          nicolae_wu_jian_immortal_techniques, minitemple,
          minmay_misc_feat_hallway, minmay_close_crescents
D:4:      minmay_razor_zed, layout_basic, nzn_overflow_gifts_of_might_and_magic,
          lightli_temple_of_fire, nicolae_ru_awakened_eye,
          minmay_temple_entry_mini_moons, serial_shops, shop,
          hangedman_abyss_or_decor_lesser_grid, uniq_natasha
Temple:   hellmonk_temple_forest_ring

Skill      XL: |  1  2  3  4  5 |
---------------+----------------+-----
Axes           | 2 3 4 5 |  5.9
Fighting       | |  3.2
Armour         | |  3.2
Shields        | |  3.2

Action                     |  1- 3 |  4- 6 || total
---------------------------+-------+-------++-------
  Melee: War axe           |   115 |   138 ||   253
    Use: Scroll            |       |     6 ||     6
         Potion            |       |     2 ||     2
 Armour: Scale mail        |    96 |    93 ||   189
  Dodge: Dodged            |    63 |    63 ||   126
  Block: Buckler           |    27 |    20 ||    47

Table legend: (Time is in decaauts)
 A = Elapsed time spent in this place.
 B = Non-inter-level travel time spent in this place.
 C = Inter-level travel time spent in this place.
 D = Time resting spent in this place.
 E = Time spent auto-exploring this place.
 F = Levels seen in this place.
 G = Mean time per level.
                   A        B        C        D        E       F      G
               +--------+--------+--------+--------+--------+-----+--------+
         Total |   2407 |   2273 |    134 |      0 |   1692 |   5 |  481.4 |
       Dungeon |   2381 |   2270 |    111 |      0 |   1692 |   4 |  595.2 |
        Temple |     25 |      2 |     23 |      0 |      0 |   1 |   25.0 |
               +--------+--------+--------+--------+--------+-----+--------+

Top non-repeatable levels by time:
     D:1: 766 daAuts
     D:3: 724 daAuts
     D:2: 666 daAuts
     D:4: 223 daAuts
  Temple: 25 daAuts
